 Dungeon Crawl Stone Soup version 0.21.1-1-g345015f (webtiles) character file.

40 tester123 the Ruffian (level 3, -1/23 HPs)
             Began as a Gargoyle Monk on July 26, 2018.
             Killed from afar by Sigmund (10 damage)
             ... with a puff of flame
             ... on level 2 of the Dungeon.
             The game lasted 00:04:40 (1020 turns).

tester123 the Ruffian (Gargoyle Monk)               Turns: 1020, Time: 00:04:41

Health: -1/23      AC:  6    Str: 15    XL:     3   Next: 50%
Magic:  3/3        EV: 13    Int: 10    God:
Gold:   14         SH:  0    Dex: 12    Spells: 2/2 levels left

rFire    . . .     SeeInvis .     - Unarmed
rCold    . . .     Gourm    .   (no shield)
rNeg     + . .     Faith    .   a - +0 robe
rPois    ∞         Spirit   .   (no helmet)
rElec    +         Reflect  .   (no cloak)
rCorr    .         Harm     .   (no gloves)
MR       .....                  k - +0 pair of boots
Stlth    ++........             (no amulet)
HPRegen  0.07/turn              (no ring)
MPRegen  0.08/turn              (no ring)

@: no status effects
A: negative energy resistance 1, electricity resistance, unbreathing,
petrification resistance, rot immunity, AC +3
a: no special abilities


You were on level 2 of the Dungeon.
You were not hungry.

You visited 1 branch of the dungeon, and saw 2 of its levels.

You collected 14 gold pieces.

Inventory:

Armour
 a - a +0 robe (worn)
 f - a +0 robe
 j - a +0 robe
 k - a +0 pair of boots (worn)
Jewellery
 g - an uncursed ring of protection from magic {unknown}
Scrolls
 c - a scroll of random uselessness {unknown}
 d - 3 scrolls of remove curse {unknown}
 e - 2 scrolls of teleportation {unknown}
 i - 3 scrolls of fog {unknown}
 l - a scroll of fear {unknown}
 m - a scroll of identify {unknown}
 n - a scroll of enchant armour {unknown}
Potions
 h - 2 potions of curing {unknown}
Comestibles
 b - 2 rations


   Skills:
 + Level 3.6 Fighting
 + Level 2.7 Dodging
 + Level 2.8 Stealth
 * Level 3.6 Unarmed Combat


You had 2 spell levels left.
You didn't know any spells.

Dungeon Overview and Level Annotations

Branches:
Dungeon (2/15)

Altars:

Annotations:
D:2 Sigmund


Innate Abilities, Weirdness & Mutations

You are resistant to torment.
Your stone body is resilient. (AC +3)
You are immune to poison.
You resist negative energy. (rN+)
You are resistant to electric shocks. (rElec)
You can survive without breathing.
You are immune to petrification.
You are immune to rotting.


Message History

You kill the adder!
No target in view!
No target in view!
You see here an adder corpse.
Found 9 sling bullets.
Sigmund the Dreaded comes into view.
He is wielding a scythe.
Sigmund shouts!
Sigmund mumbles some strange words.
Sigmund flickers and vanishes!
Deactivating autopickup; reactivate with Ctrl-A.
No target in view!
Something tries to affect you, but you resist.
Something hits you.
You hear some strange, mumbled words.
A puff of flame appears from out of thin air!
The puff of flame hits you! Something barely misses you.
A puff of flame appears from out of thin air!
The puff of flame hits you!
You die...

.........# #.# .##..###.. #.#
..##..# .. #.# #.###.####..# #.#
# #.###...###...##.#######.#
.....##..# #.......(....#
.....###.# ####.#....#### .....#
#.#### #.#.#.....# .....#
#)...####@..#####.## .....#
####.......## #†.# .....#
###.##.## ##.####### .....#
#..##.# ##.....#...
############...#.######..........
......)..............#...........
########....##.#.###.............
#...###...# ###...........
########...# ###.# #........≈≈.


There were no monsters in sight!

Vanquished Creatures
  An adder (D:2)
  A dart slug (D:1)
  A leopard gecko (D:1)
  6 goblins
  3 hobgoblins
  4 jackals (D:1)
  4 bats
  4 frilled lizards
  A kobold (D:1)
  3 rats (D:1)
28 creatures vanquished.

Notes
Turn   | Place    | Note
-------+----------+-------------------------------------------
     0 | D:1      | tester123 the Gargoyle Monk began the quest for the Orb.
     0 | D:1      | Reached XP level 1. HP: 14/14 MP: 1/1
   141 | D:1      | Reached XP level 2. HP: 19/19 MP: 2/2
   563 | D:1      | Reached XP level 3. HP: 23/23 MP: 3/3
   984 | D:2      | Found a faded altar of an unknown god.
  1011 | D:2      | Noticed Sigmund
  1020 | D:2      | Killed from afar by Sigmund

Action                   || total
-------------------------++-------
Melee: Unarmed           ||   109
       Punch             ||     1
 Stab: Sleeping          ||     4
Armor: Robe              ||    23
Dodge: Dodged            ||    70
